 Dungeon Crawl Stone Soup version bcrawl-1.19.1 (webtiles) character file.

Game seed: 11904595034047637596

529 JackS81 the Twirler (level 7, 0/38 HPs)
             Began as a Vine Stalker Archaeologist on Dec 3, 2019.
             Was an Initiate of Vehumet.
             Slain by an ice beast (6 damage)
             ... on level 5 of the Dungeon.
             The game lasted 00:09:52 (3494 turns).

JackS81 the Twirler (Vine Stalker Archaeologist)    Turns: 3494, Time: 00:09:53

Health: 0/38       AC:  6    Str: 15      XL:     7   Next: 24%
Magic:  22/22      EV: 19    Int: 13 (14) God:    Vehumet [......]
Gold:   310        SH:  0    Dex: 18 (20) Spells: 9/9 levels left

rFire    . . .     SeeInvis .   f - +6 staff of Battle {slice, MP+12}
rCold    . . .     Gourm    .   (shield currently unavailable)
rNeg     . . .     Faith    .   b - +1 robe
rPois    .         Spirit   .   c - +1 hat
rElec    .         Reflect  .   (no cloak)
rCorr    .         Harm     .   (no gloves)
MR       .....                  d - +1 pair of boots
Stlth    ++++......             (no amulet)
HPRegen  0.52/turn              (no ring)
MPRegen  0.18/turn              (no ring)

@: agile
A: fangs 3, deterioration 1, regeneration 1, strong 1, wild magic 1, no potion
heal 3, rot immunity, strong jaws
a: Renounce Religion


You were on level 5 of the Dungeon.
You worshipped Vehumet.
Vehumet was noncommittal.
You were not hungry.

You visited 1 branch of the dungeon, and saw 5 of its levels.

You collected 310 gold pieces.

Inventory:

Hand Weapons
 a - a +0 whip
 f - the +6 staff of Battle (weapon) {slice, MP+12}

   It inflicts extra damage upon your enemies.
   It affects your magic capacity (+12).
 s - a +0 halberd
 t - a +0 quarterstaff
Missiles
 e - 50 javelins
 i - 1161 stones (quivered)
 p - 2 throwing nets {!f}
Armour
 b - a +1 robe (worn)
 c - a +1 hat (worn)
 d - a +1 pair of boots (worn)
 l - a +3 ring mail
Jewellery
 r - a +6 ring of intelligence {unknown}
 w - an uncursed ring of see invisible {unknown}
Scrolls
 h - 2 scrolls of identify {unknown}
 j - 2 scrolls of remove curse {unknown}
 m - 3 scrolls of teleportation {unknown}
 n - a scroll of blinking {unknown}
 o - 2 scrolls of enchant weapon {unknown}
 q - a scroll of enchant armour {unknown}
 u - 2 scrolls of fear {unknown}
 v - a scroll of noise {unknown}
Potions
 k - a potion of brilliance
Comestibles
 g - 13 rations {!d}


   Skills:
 + Level 1.4 Fighting
 - Level 2.5(5.2) Maces & Flails
 + Level 7.2(7.4) Staves
 + Level 3.3 Dodging
 - Level 4.4 Stealth
 * Level 1.6 Spellcasting


You had 9 spell levels left.
You didn't know any spells.
Your spell library was empty.

Dungeon Overview and Level Annotations

Branches:
Dungeon (5/12)
 Temple: D:4-7

Altars:
Elyvilon
Qazlal
Vehumet
Wu Jian


Innate Abilities, Weirdness & Mutations

You have razor-sharp teeth.
Your natural rate of healing is unusually fast.
Potions cannot restore your health.
You are immune to rotting.
Your bites deal extra damage.
Your body sometimes deteriorates upon taking damage.
Your muscles are strong. (Str +2)
Your spells are a little harder to cast, but a little more powerful.


Message History

It was a potion of agility.
You feel agile all of a sudden.
Your staff activates!
Throwing (i - inventory. (/) - cycle)
i - 1162 stones (quivered)
Press: ? - help, Shift-Dir - straight line, f - ice beast
Aim: an ice beast (severely wounded)
You throw a stone.
The stone hits the ice beast but does no damage.
The ice beast is severely wounded.
The ice beast hits your spectral weapon.
Your spectral weapon shares its damage with you!
The ice beast freezes your spectral weapon.
Your spectral weapon resists.
Your spectral weapon shares its damage with you!
* * * LOW HITPOINT WARNING * * *
The ice beast hits you.
* * * LOW HITPOINT WARNING * * *
Your body deteriorates!
You feel clumsy. The ice beast freezes you.
You die...

#.## #.# #..## ###....# ## .##
##.# #...###......## ##$ ##
##..######......#####.<###.# #
#....##........## ##....##
######.............## ##..##
.##.#.......###....### ####
#......#...####......### #
.##..###.###.##Y.......### ##
###..###.###.##(@.#####..# ##.
###.##......##...## #..# ##.#
.##.#.##.....##.#### ##.##
##.##
......#.......#.##.###.##
##.## ........#.....#...#.#.##
##.## ...................#.##
# #..#
.............##.##..###.###.##
#
.....#......###.##..#..###..#
# ..#.........###.#....# #..##
#


You could see an ice beast and a friendly spectral +6 staff of Battle {slice,
MP+12}.

Vanquished Creatures
  A phantom (D:4)
  A centaur (D:5)
  A water moccasin skeleton (D:3)
  2 crimson imps
  A bullfrog skeleton (D:5)
  A jelly (D:5)
  2 iguanas
  A worker ant (D:5)
  4 adders
  A shadow imp (D:5)
  An adder skeleton (D:4)
  4 worms
  3 dart slugs (D:2)
  3 leopard geckos
  4 orcs
  2 ball pythons (D:2)
  3 giant cockroaches
  2 goblins
  5 hobgoblins
  7 jackals
  A quokka (D:3)
  3 bats
  3 frilled lizards
  7 kobolds
63 creatures vanquished.

Vanquished Creatures (others)
  A quokka (D:4)
  3 spectral weapons (D:5)
4 creatures vanquished.

Grand Total: 67 creatures vanquished

Notes
Turn   | Place    | Note
-------+----------+-------------------------------------------
     0 | D:1      | JackS81 the Vine Stalker Archaeologist began the quest for
                  | the Orb.
     0 | D:1      | Reached XP level 1. HP: 11/11 MP: 2/2
    63 | D:1      | Reached skill level 1 in Maces & Flails
   289 | D:1      | Reached XP level 2. HP: 14/16 MP: 3/3
   586 | D:2      | Reached XP level 3. HP: 20/20 MP: 4/4
   668 | D:2      | Gained mutation: Your body sometimes deteriorates upon
                  | taking damage. [potion of mutation]
   668 | D:2      | Gained mutation: Your spells are a little harder to cast,
                  | but a little more powerful. [potion of mutation]
   668 | D:2      | Gained mutation: Your muscles are strong. (Str +2) [potion
                  | of mutation]
   679 | D:2      | Reached skill level 1 in Staves
   992 | D:2      | Reached skill level 2 in Staves
  1178 | D:3      | Found a faded altar of an unknown god.
  1295 | D:3      | Reached XP level 4. HP: 24/24 MP: 5/5
  1307 | D:3      | Reached skill level 3 in Staves
  1469 | D:3      | Found a radiant altar of Vehumet.
  1474 | D:3      | Became a worshipper of Vehumet
  1597 | D:3      | Reached skill level 4 in Staves
  1597 | D:3      | Reached XP level 5. HP: 15/28 MP: 6/6
  1722 | D:3      | Found an ornate altar of the Wu Jian Council.
  1916 | D:4      | Reached skill level 5 in Staves
  2163 | D:4      | Noticed a phantom
  2222 | D:4      | Killed a phantom
  2222 | D:4      | Reached skill level 6 in Staves
  2222 | D:4      | Gained mutation: You have razor-sharp teeth. [Vine Stalker
                  | growth]
  2222 | D:4      | Reached XP level 6. HP: 17/33 MP: 7/7
  2303 | D:4      | Found a white marble altar of Elyvilon.
  2686 | D:5      | Entered Level 5 of the Dungeon
  2755 | D:5      | Reached skill level 1 in Fighting
  2912 | D:5      | Found a stormy altar of Qazlal.
  3181 | D:5      | Reached skill level 7 in Staves
  3181 | D:5      | Reached skill level 1 in Spellcasting
  3191 | D:5      | Reached XP level 7. HP: 31/38 MP: 10/10
  3473 | D:5      | HP: 1/38 [ice beast (3)]
  3494 | D:5      | Slain by an ice beast

Skill      XL: |  1  2  3  4  5  6 |
---------------+-------------------+-----
Maces & Flails | 1 2 |  2.5
Staves         | 2 4 6 7 |  7.2
Fighting       | 1 |  1.4
Spellcasting   | 1 |  1.6
Dodging        | |  3.3
Stealth        | |  4.4

Action                   |  1- 3 |  4- 6 |  7- 9 || total
-------------------------+-------+-------+-------++-------
Melee: Whip              |   155 |    36 |       ||   191
       Bite              |    15 |    11 |     1 ||    27
       Quarterstaff      |       |    66 |       ||    66
       Lajatang          |       |    19 |    10 ||    29
Throw: Stone             |    10 |    24 |     1 ||    35
  Use: Potion            |     1 |     2 |     1 ||     4
 Stab: Sleeping          |    11 |     2 |       ||    13
  Eat: Chunk             |     1 |     5 |     2 ||     8
Armor: Robe              |    41 |    27 |     3 ||    71
Dodge: Dodged            |    93 |    65 |     5 ||   163
